AoeStats
← 123

Lombardia

508488162Analyzed
4v4 RM · 8d ago on Sep 22, 2026· 41m 31s· 8 players
Game mode
Random Map
Map size
Large (8 player)
Population
200
Speed
Normal
Resources
Standard
Victory
Conquest
Starting age
Dark Age
Ending age
Imperial Age
RankedLock teamsTeams togetherTeam positionsShared explorationLock speedFull tech treeHidden civsTurbo modeCheats
Victory
Defeat
🇪🇬 Goths · Egypt
1090
+14
🇨🇱 Huns · Chile
1045
+16
🇹🇼 Random · Taiwan
1042
+16
🇨🇱 Magyars · Chile
1014
+17
🇪🇸 Random · Spain
1064
-17
🇩🇪 Romans · Germany
1047
-16
🇹🇷 Random · Türkiye
1046
-16
🇹🇷 Cumans · Türkiye
1006
-14
Anarşik
0:29 Loom
0:32 Loom
13:11 Feudal Age
14:47 Wheelbarrow
14:20 Horse Collar
14:27 Double-Bit Axe
15:34 Gold Mining
16:59 Scale Mail Armor
16:46 Man-at-Arms
18:01 Forging
31:12 Castle Age
32:03 Heavy Plow
32:19 Bow Saw
32:31 Hand Cart
33:16 Gold Shaft Mining
34:36 Scale Barding Armor
35:07 Iron Casting
37:46 Bloodlines
36:57 Light Cavalry
38:01 Chain Barding Armor
41:18 Imperial Age
El Jonan de Baraka
3:05 Loom
12:17 Feudal Age
12:53 Horse Collar
13:01 Double-Bit Axe
13:08 Gold Mining
18:49 Castle Age
17:08 Stone Mining
18:32 Fletching
19:45 Heavy Plow
20:03 Bow Saw
25:08 Town Watch
29:45 Wheelbarrow
29:50 Forging
29:46 Scale Barding Armor
30:42 Hand Cart
31:27 Vendel Legacy
33:06 Chain Barding Armor
33:22 Iron Casting
37:53 Imperial Age
35:59 Bloodlines
35:50 Husbandry
35:10 Light Cavalry
37:35 Gambesons
37:51 Squires
37:37 Arson
37:51 Bodkin Arrow
37:57 Scale Mail Armor
37:57 Padded Archer Armor
38:00 Caravan
39:08 Conscription
38:48 Elite Varangian Guard
Wowa94
1:01 Loom
11:35 Feudal Age
12:29 Horse Collar
12:37 Double-Bit Axe
13:21 Stone Mining
13:24 Gold Mining
17:51 Wheelbarrow
21:49 Castle Age
19:37 Town Watch
21:08 Forging
20:59 Scale Mail Armor
21:55 Pikeman
22:36 Squires
22:39 Heavy Plow
22:51 Bow Saw
23:46 Iron Casting
25:13 Gold Shaft Mining
24:31 Man-at-Arms
26:28 Chain Mail Armor
25:48 Long Swordsman
28:15 Fortified Wall
31:01 Hand Cart
31:21 Scale Barding Armor
31:09 Fletching
31:20 Padded Archer Armor
32:46 Ballistas
34:15 Masonry
34:26 Ballistics
34:02 Murder Holes
35:02 Chain Barding Armor
34:38 Bodkin Arrow
34:58 Leather Archer Armor
35:04 Town Patrol
35:23 Caravan
37:21 Bloodlines
37:11 Husbandry
39:46 Imperial Age
Göt Yıkama Borusu
3:03 Loom
11:04 Feudal Age
11:55 Double-Bit Axe
11:53 Horse Collar
12:25 Gold Mining
15:00 Scale Mail Armor
18:11 Man-at-Arms
22:56 Stone Mining
26:43 Castle Age
25:51 Forging
29:03 Iron Casting
28:44 Chain Mail Armor
28:46 Squires
30:12 Heavy Plow
30:47 Bow Saw
31:00 Arson
34:45 Hamask
39:54 Imperial Age
37:57 Caravan
123
9:14 Loom
11:05 Feudal Age
20:12 Castle Age
19:57 Double-Bit Axe
20:06 Horse Collar
22:17 Stone Mining
25:59 Corvinian Army
30:10 Caravan
30:18 Heavy Plow
34:14 Scale Barding Armor
39:09 Chain Barding Armor
38:51 Scale Mail Armor
Slade One
12:13 Feudal Age
13:56 Loom
16:17 Castle Age
14:42 Double-Bit Axe
14:40 Horse Collar
17:15 Heavy Plow
17:28 Bow Saw
21:39 Wheelbarrow
22:51 Hand Cart
23:40 Loom
23:49 Stone Mining
24:13 Gold Mining
25:44 Gold Shaft Mining
30:39 Imperial Age
28:35 Forging
28:26 Scale Mail Armor
30:03 Bloodlines
29:54 Husbandry
29:57 Marauders
30:43 Iron Casting
30:23 Chain Mail Armor
30:17 Scale Barding Armor
32:44 Blast Furnace
31:21 Elite Tarkan
32:22 Conscription
33:24 Two-Man Saw
33:55 Chain Barding Armor
34:51 Town Watch
Mr.Big
8:08 Loom
9:55 Feudal Age
13:13 Double-Bit Axe
19:46 Castle Age
18:17 Scale Barding Armor
20:52 Wheelbarrow
20:03 Town Watch
21:11 Husbandry
26:50 Bow Saw
29:19 Pikeman
40:29 Town Patrol
40:39 Squires
40:59 Hand Cart
41:06 Scale Mail Armor
Meroero
2:06 Loom
12:33 Feudal Age
18:09 Castle Age
16:18 Double-Bit Axe
16:40 Horse Collar
21:06 Heavy Plow
21:22 Pikeman
22:03 Squires
22:03 Town Watch
25:27 Forging
25:17 Scale Mail Armor
26:16 Wheelbarrow
25:54 Bow Saw
29:41 Squires
29:58 Chain Mail Armor
30:18 Iron Casting
31:08 Hand Cart
31:07 Gold Mining
31:07 Stone Mining
31:26 Stone Mining
36:06 Imperial Age
34:05 Anarchy
33:52 Man-at-Arms
35:09 Iron Casting
34:52 Caravan
35:32 Town Patrol
37:28 Crop Rotation
38:00 Two-Man Saw
38:01 Blast Furnace
36:32 Elite Huskarl
39:21 Conscription
39:09 Perfusion
38:54 Capped Ram
39:01 Halberdier
41:43 Scale Barding Armor
41:28 Fletching
41:38 Padded Archer Armor
42:00 Ballistics
42:41 Chemistry
Connection lost

Rejoining the realm…

Still unreachable

The connection could not be restored.

Session expired

The server has moved on; the page needs a fresh start.